 Dungeon Crawl Stone Soup version 0.29-a0-553-g81b289dbe5 (webtiles) character file.

Game seed: 8081049301347005000

252 KristoblXynda the Slasher (level 5, -1/46 HPs)
             Began as a Draconian Gladiator on June 7, 2022.
             Slain by a bullfrog (3 damage)
             ... on level 7 of the Dungeon.
             The game lasted 00:02:35 (2728 turns).

KristoblXynda the Slasher (Draconian Gladiator)     Turns: 2728, Time: 00:02:35

Health: -1/46      AC:  5    Str: 18    XL:     5   Next: 89%
Magic:  5/5        EV: 13    Int:  8    God:
Gold:   141        SH:  0    Dex: 13    Spells: 4/4 levels left

rFire   . . .      SeeInvis .   a - +0 long sword
rCold   . . .      Faith    .   (no shield)
rNeg    . . .      Spirit   .   (body armour unavailable)
rPois   .          Reflect  .   b - +0 hat
rElec   .          Harm     .   h - scarf {shadows}
rCorr   .          Rampage  .   (no gloves)
Will    .....                   (no boots)
Stlth   +.........              (no amulet)
HPRegen 0.15/turn               (no ring)
MPRegen 0.09/turn               (no ring)

@: no status effects
A: AC +5, unfitting armour, cold-blooded
a: no special abilities


You were on level 7 of the Dungeon.
You visited 1 branch of the dungeon, and saw 5 of its levels.

You collected 141 gold pieces.

Inventory:

Hand Weapons
 a - a +0 long sword (weapon)
Missiles
 c - 2 throwing nets (quivered)
 j - 5 silver javelins
Armour
 b - a +0 hat (worn)
 h - a scarf of shadows (worn)
Jewellery
 m - a +6 ring of intelligence
Scrolls
 i - a scroll of poison {unknown}
 k - a scroll of teleportation
Potions
 f - a potion of brilliance {unknown}
 g - a potion of might {unknown}
 l - a potion of haste {unknown}
 n - a potion of flight


   Skills:
 + Level 3.8 Fighting
 + Level 4.2 Long Blades
 + Level 3.2 Throwing
 + Level 3.8 Dodging


You had 4 spell levels left.
You didn't know any spells.
Your spell library contained the following spells:

 Spells                   Type           Power      Damage    Failure   Level
 Magic Dart               Conj           0%         1d3       41%         1
 Call Imp                 Summ           0%         N/A       54%         2
 Mephitic Cloud           Conj/Pois/Air  0%         N/A       78%         3


Dungeon Overview and Level Annotations

Branches:
Dungeon (4/15)
 Temple: D:4-7

Altars:

Annotations:
D:3 3 runed translucent doors, supermoro's ghost, amateur GrFi


Innate Abilities, Weirdness & Mutations

Your plain brown scales are hard. (AC +5)
You cannot fit into any form of body armour.
You are cold-blooded and may be slowed by cold attacks.


Message History

The bullfrog is moderately wounded.
The bullfrog closely misses you.
You hit the bullfrog.
The bullfrog is heavily wounded.
The bullfrog closely misses you. The bullfrog misses you.
You completely miss the bullfrog.
The bullfrog is heavily wounded.
The bullfrog hits you.
* * * LOW HITPOINT WARNING * * *
The bullfrog barely misses you.
You closely miss the bullfrog.
Your tail-slap misses the bullfrog.
The bullfrog is heavily wounded.
The bullfrog hits you.
* * * LOW HITPOINT WARNING * * *
The bullfrog barely misses you.
You hit the bullfrog.
You tail-slap the bullfrog, but do no damage.
The bullfrog is severely wounded.
The bullfrog hits you but does no damage.
Unknown command.
You feel better. The bullfrog barely misses you.
The bullfrog completely misses you.
You hit the bullfrog.
The bullfrog is severely wounded.
The bullfrog barely misses you. The bullfrog hits you.
* * * LOW HITPOINT WARNING * * *
You closely miss the bullfrog.
The bullfrog is severely wounded.
The bullfrog hits you.
* * * LOW HITPOINT WARNING * * *
The bullfrog hits you.
* * * LOW HITPOINT WARNING * * *
You hit the bullfrog.
The bullfrog is severely wounded.
The bullfrog hits you but does no damage.
Unknown command.
You closely miss the bullfrog.
The bullfrog is severely wounded.
The bullfrog hits you.
You die...

#.....#
#.....#
#.....#
#.....#
###.#.#
##.#.#
.###..#)#
......#)##
###..@.#
#.F..#
#..(.#
#....#
.....#
#.....#
##....#


You could see a bullfrog.

Vanquished Creatures
  A gnoll sergeant (D:7)
  An orc priest (D:4)
  Jessica (D:2)
  An iguana (D:3)
  4 gnolls (D:7)
  An adder (D:3)
  3 dart slugs
  An orc (D:4)
  5 ball pythons
  3 bats
  2 endoplasms
  4 giant cockroaches
  7 hobgoblins
  4 jackals (D:1)
  7 kobolds
  2 frilled lizards (D:1)
  6 goblins
  4 rats
57 creatures vanquished.

Vanquished Creatures (others)
  3 plants (D:7)
3 creatures vanquished.

Grand Total: 60 creatures vanquished

Notes
Turn   | Place    | Note
-------+----------+-------------------------------------------
     0 | D:1      | KristoblXynda the Draconian Gladiator began the quest for
                  | the Orb.
     0 | D:1      | Reached XP level 1. HP: 17/17 MP: 1/1
   477 | D:1      | Reached XP level 2. HP: 23/25 MP: 2/2
   705 | D:1      | Reached XP level 3. HP: 29/30 MP: 3/3
   817 | D:1      | Found a faded altar of an unknown god.
  1184 | D:2      | Noticed Jessica
  1188 | D:2      | Killed Jessica
  1305 | D:2      | Reached XP level 4. HP: 35/38 MP: 4/4
  2085 | D:3      | Found a runed translucent gate.
  2086 | D:3      | Found a runed translucent gate.
  2087 | D:3      | Found a runed translucent gate.
  2088 | D:3      | Noticed supermoro's ghost (amateur GrFi)
  2549 | D:3      | Identified the +9 whip of Cumop {vorpal, rElec rN+++ Will-
                  | Str+4}
  2573 | D:4      | Noticed an orc warrior
  2581 | D:4      | Reached XP level 5. HP: 45/45 MP: 5/5
  2670 | D:4      | You fall into a shaft and drop 3 floors!
  2692 | D:7      | Reached skill level 4 in Long Blades
  2722 | D:7      | HP: 1/46 [bullfrog (2)]
  2728 | D:7      | Slain by a bullfrog

Illustrated notes

Levels and vault maps discovered:
D:1:      tarquinn_simple_flora_water_e, layout_loops_ring,
          dreamdust_ecumenical_altar_angels_and_demons
D:2:      layout_rooms, minmay_tromino_v2, uniq_jessica
D:3:      layout_basic, biasface_ghost_orc_armoury, kennysheep_crisscross,
          solitary_fountain
D:4:      layout_cave_pools, temple_statues, lightli_sewer_entry_pipes,
          serial_shops, shop_fountains, minmay_diced_spiral, uniq_sigmund
D:7:      layout_rooms, kennysheep_boxes

Skill      XL: |  1  2  3  4  5 |
---------------+----------------+-----
Throwing       | 2 3 |  3.2
Dodging        | 3 |  3.8
Fighting       | 3 |  3.8
Long Blades    | 4 |  4.2

Action                   |  1- 3 |  4- 6 || total
-------------------------+-------+-------++-------
Melee: Long sword        |    98 |    84 ||   182
       Tailslap          |    11 |     9 ||    20
       Punch             |     1 |     2 ||     3
Throw: Javelin           |       |     6 ||     6
       Throwing net      |       |     1 ||     1
  Use: Scroll            |       |     6 ||     6
       Potion            |       |     1 ||     1
 Stab: Sleeping          |     2 |       ||     2
       Held in net/web   |       |     1 ||     1
Armor: Skin              |    39 |    16 ||    55
Dodge: Dodged            |    68 |    64 ||   132

Table legend: (Time is in decaauts)
 A = Elapsed time spent in this place.
 B = Non-inter-level travel time spent in this place.
 C = Inter-level travel time spent in this place.
 D = Time resting spent in this place.
 E = Time spent auto-exploring this place.
 F = Levels seen in this place.
 G = Mean time per level.
                   A        B        C        D        E       F      G
               +--------+--------+--------+--------+--------+-----+--------+
         Total |   2769 |   2735 |     34 |    274 |   2033 |   5 |  553.8 |
       Dungeon |   2769 |   2735 |     34 |    274 |   2033 |   5 |  553.8 |
               +--------+--------+--------+--------+--------+-----+--------+

Top non-repeatable levels by time:
     D:1: 1203 daAuts
     D:3: 881 daAuts
     D:2: 518 daAuts
     D:4: 100 daAuts
     D:7: 65 daAuts
